 Dungeon Crawl Stone Soup version 0.20.1-1-g8b1a95d (webtiles) character file.

432 Linguinho the Chucker (level 6, -1/57 HPs)
             Began as a Troll Hunter on Nov 14, 2017.
             Slain by a killer bee (7 damage)
             ... on level 4 of the Dungeon.
             The game lasted 00:05:09 (3521 turns).

Linguinho the Chucker (Troll Hunter)                Turns: 3521, Time: 00:05:10

Health: -1/57      AC:  7    Str: 23    XL:     6   Next: 67%
Magic:  5/5        EV: 10    Int:  7    God:
Gold:   182        SH:  0    Dex: 10    Spells: 5/5 levels left

rFire    . . .     SeeInvis .     - Unarmed
rCold    . . .     Gourm    +   (no shield)
rNeg     . . .     Faith    .   b - +0 robe
rPois    +         Spirit   .   (helmet restricted)
rElec    .         Reflect  .   x - +1 cloak {rPois}
rCorr    .         Harm     .   (gloves unavailable)
MR       .....                  (boots unavailable)
Stlth    +.........             (no amulet)
Regen    0.6/turn               (no ring)
MPRegen  0.1/turn               (no ring)

@: lethally poisoned (-1 -> -2)
A: unfitting armour, claws 3, fast metabolism 3, gourmand, regeneration 1,
shaggy fur 1, tough skin 2
a: no special abilities


You were on level 4 of the Dungeon.
You were full.

You visited 1 branch of the dungeon, and saw 4 of its levels.

You collected 182 gold pieces.

Inventory:

Hand Weapons
 o - a +0 club
Missiles
 c - 5 large rocks (quivered)
 d - 2 throwing nets
Armour
 b - a +0 robe (worn)
 t - a +0 large shield
 x - a +1 cloak of poison resistance (worn)
 A - a scarf of cloud immunity
 E - a scarf of resistance
Jewellery
 j - a +2 ring of strength {unknown}
 D - an uncursed ring of ice {unknown}
Wands
 y - a wand of lightning (13/15)
Scrolls
 g - a scroll of noise {unknown}
 h - a scroll of blinking {unknown}
 i - 4 scrolls of identify {unknown}
 k - a scroll of fog {unknown}
 m - a scroll of teleportation {unknown}
 u - 2 scrolls of recharging
 w - 2 scrolls of remove curse {unknown}
 C - a scroll of enchant armour {unknown}
 F - a scroll of enchant weapon {unknown}
Potions
 a - a potion of curing {unknown}
 e - 2 potions of berserk rage {unknown}
 l - 2 potions of lignification {unknown}
 p - a potion of brilliance {unknown}
 s - 2 potions of mutation {unknown}
 z - 2 potions of heal wounds {unknown}
Books
 B - a book of Callings

   Spells                             Type                      Level
   a - Summon Small Mammal            Summoning                    1
   b - Call Imp                       Summoning                    2
   c - Call Canine Familiar           Summoning                    3
   d - Summon Guardian Golem          Hexes/Summoning              3
   e - Summon Lightning Spire         Summoning/Air                4
   f - Summon Ice Beast               Ice/Summoning                4
Comestibles
 f - 6 bread rations
 n - 4 meat rations
 r - 2 royal jellies
 v - 2 fruits


   Skills:
 + Level 2.3 Fighting
 * Level 1.5 Maces & Flails
 * Level 4.7 Throwing
 + Level 2.3 Dodging
 + Level 0.7 Stealth
 * Level 4.4 Unarmed Combat


You had 5 spell levels left.
You didn't know any spells.

Dungeon Overview and Level Annotations

Branches:
Dungeon (4/15)
 Temple: D:4-7

Altars:


Innate Abilities, Weirdness & Mutations

You are too large for most types of armour.
You have claws for hands.
Your metabolism is lightning-fast.
You like to eat raw meat.
Your natural rate of healing is unusually fast.
You are covered in fur. (AC +1)
You have very tough skin. (AC +2)


Message History

You are too injured to fight recklessly!
You are too injured to fight recklessly!
You are too injured to fight recklessly!
You are too injured to fight recklessly!
As you read the scroll labeled PONGETIASM, it crumbles to dust.
It is a scroll of recharging.
Charge which item? (? for menu, Esc to quit)
Your wand of lightning (?/15) {zapped: 2} glows for a moment.
The killer bee stings you. The killer bee misses you. x2
The killer bee stings you but does no damage.
The killer bee barely misses you. The killer bee misses you.
The killer bee stings you.
* * * LOW HITPOINT WARNING * * *
The killer bee stings you!
* * * LOW HITPOINT WARNING * * *
As you read the scroll labeled MUNACE KYCUAWU, it crumbles to dust.
Your claws glow dull aubergine for a moment.
It was a scroll of random uselessness.
You feel sick. The killer bee stings you!
You die...

#. ##..#..##..# #.
##...##...## #.
##.##.....#
#..#####........#
#...............
######..........
##.......y#
#.......yy#
######......#y@#
###..##.....####y#####
..##..#....## ##....#
...........#####..####
.......###....##.##
...###.# ##......#
..## #.# #......# ..#
#.####......##
..####.....###....##


You could see 5 killer bees.

Vanquished Creatures
  A phantom (D:4)
  The ghost of Linguinho the Chucker, a weakling TrHu (D:3)
  A killer bee (D:4)
  A bullfrog skeleton (D:4)
  Crazy Yiuf (D:3)
  Ijyb (D:3)
  An orc wizard (D:3)
  7 adders
  2 worms
  A dart slug (D:3)
  3 leopard geckos
  3 orcs (D:3)
  10 bats
  7 giant cockroaches
  5 goblins
  8 hobgoblins
  5 jackals
  3 quokkas
  2 frilled lizards
  4 kobolds
  6 rats
73 creatures vanquished.

Notes
Turn   | Place    | Note
-------+----------+-------------------------------------------
     0 | D:1      | Linguinho the Troll Hunter began the quest for the Orb.
     0 | D:1      | Reached XP level 1. HP: 19/19 MP: 0/0
   289 | D:1      | Reached XP level 2. HP: 27/27 MP: 1/1
   858 | D:2      | Reached skill level 1 in Unarmed Combat
  1069 | D:2      | Reached XP level 3. HP: 29/33 MP: 2/2
  1332 | D:3      | Noticed Linguinho's ghost (weakling TrHu)
  1634 | D:3      | Found a runed door.
  1638 | D:3      | Noticed Crazy Yiuf
  1644 | D:3      | Killed Crazy Yiuf
  1644 | D:3      | Reached XP level 4. HP: 41/42 MP: 3/3
  1806 | D:3      | Noticed Ijyb
  1818 | D:3      | Killed Ijyb
  1818 | D:3      | Reached skill level 1 in Maces & Flails
  1990 | D:3      | Reached XP level 5. HP: 20/49 MP: 4/4
  2081 | D:3      | HP: 1/49 [Linguinho's ghost (9)]
  2251 | D:3      | Killed Linguinho's ghost
  2914 | D:4      | Noticed a phantom
  2988 | D:4      | Reached XP level 6. HP: 52/57 MP: 5/5
  3521 | D:4      | Slain by a killer bee

Skill      XL: |  1  2  3  4  5  6 |
---------------+-------------------+-----
Throwing       | 4 |  4.7
Unarmed Combat | 1 2 3 4 |  4.4
Maces & Flails | 1 |  1.5
Dodging        | 2 |  2.3
Fighting       | 2 |  2.3
Stealth        | |  0.7

Action                   |  1- 3 |  4- 6 || total
-------------------------+-------+-------++-------
Melee: Unarmed           |   155 |   174 ||   329
       Punch             |     1 |     2 ||     3
  Use: Scroll            |       |     2 ||     2
 Stab: Sleeping          |     1 |     3 ||     4
  Eat: Chunk             |    17 |    18 ||    35
Armor: Robe              |    67 |    76 ||   143
Dodge: Dodged            |    99 |    91 ||   190
